 Dungeon Crawl Stone Soup version 0.25-a0-523-g9afb2ee040 (webtiles) character file.

Game seed: 6049670900360541699, levelgen mode: deterministic

765 Esekla the Magician (level 7, 0/36 HPs)
             Began as a Deep Elf Wizard on Feb 18, 2020.
             Was a Follower of Vehumet.
             Slain by a quokka (3 damage)
             ... on level 5 of the Dungeon.
             The game lasted 00:41:06 (4833 turns).

Esekla the Magician (Deep Elf Wizard)               Turns: 4833, Time: 00:41:06

Health: 0/36       AC:  3    Str:  6    XL:     7   Next: 52%
Magic:  20/20      EV: 14    Int: 23    God:    Vehumet [*.....]
Gold:   122        SH:  0    Dex: 13    Spells: 12/21 levels left

rFire    . . .     SeeInvis .   w - +0 falchion
rCold    . . .     Gourm    .   (no shield)
rNeg     . . .     Faith    .   a - +0 robe
rPois    .         Spirit   .   b - +0 hat
rElec    .         Reflect  .   A - +0 cloak
rCorr    .         Harm     .   (no gloves)
MR       .....                  (no boots)
Stlth    ++........             (no amulet)
HPRegen  0.12/turn              (no ring)
MPRegen  0.17/turn              (no ring)

@: starving
A: no striking features
a: Renounce Religion


You were on level 5 of the Dungeon.
You worshipped Vehumet.
Vehumet was aware of your devotion.
You were starving.

You visited 1 branch of the dungeon, and saw 5 of its levels.

You collected 122 gold pieces.

Inventory:

Hand Weapons
 g - a +0 dagger of flaming
 n - a +1 dagger of freezing
 s - a +0 trident
 t - a +3 dagger
 w - a +0 falchion (weapon)
 x - a +1 hunting sling of freezing
Missiles
 r - 2 boomerangs of dispersal
 y - 5 boomerangs (quivered)
Armour
 a - a +0 robe (worn)
 b - a +0 hat (worn)
 A - a +0 cloak (worn)
Jewellery
 u - an uncursed ring of ice
Scrolls
 e - 2 scrolls of remove curse {unknown}
 f - 6 scrolls of identify {unknown}
 h - a scroll of enchant armour {unknown}
 i - a scroll of fear {unknown}
 j - 2 scrolls of teleportation {unknown}
 q - 2 scrolls of noise {unknown}
 v - a scroll of enchant weapon {unknown}
Potions
 c - 2 potions of berserk rage {unknown}
 k - 2 potions of haste {unknown}
 l - a potion of curing {unknown}
 m - 2 potions of cancellation {unknown}
 o - 2 potions of lignification {unknown}
 p - a potion of degeneration {unknown}
 z - a potion of mutation {unknown}
Comestibles
 d - 8 rations


   Skills:
 + Level 0.9 Short Blades
 + Level 0.1(0.4) Long Blades
 * Level 3.8 Dodging
 + Level 3.9 Stealth
 * Level 7.9 Spellcasting
 + Level 3.3 Conjurations
   Level 1.1 Summonings
 * Level 3.9 Translocations
 * Level 1.9 Air Magic
 * Level 1.7 Poison Magic


You had 12 spell levels left.
You knew the following spells:

 Your Spells              Type           Power        Failure   Level  Hunger
a - Magic Dart            Conj           ###.         1%          1    None
b - Blink                 Tloc           N/A          1%          2    None
c - Mephitic Cloud        Conj/Pois/Air  ###.....     8%          3    None
f - Conjure Flame         Conj/Fire      ###.....     11%         3    None

Your spell library contained the following spells:

 Spells                   Type           Power        Failure   Level  Hunger
 Freeze                   Ice            #...         7%          1    None
 Call Imp                 Summ           ##......     7%          2    None
 Slow                     Hex            #.......     11%         2    None


Dungeon Overview and Level Annotations

Branches:
Dungeon (5/15)
 Temple: D:4-7

Altars:
Fedhas
Gozag
Nemelex Xobeh
Qazlal
Uskayaw
Vehumet

Annotations:
D:3 Grinder


Message History

You hit the quokka but do no damage.
The quokka is heavily wounded.
The quokka bites you. The quokka closely misses you.
You closely miss the quokka.
The quokka is heavily wounded.
The quokka closely misses you.
You closely miss the quokka.
The quokka is heavily wounded.
The quokka misses you. The quokka bites you.
* * * LOW HITPOINT WARNING * * *
You hit the quokka but do no damage.
The quokka is heavily wounded.
The quokka bites you.
* * * LOW HITPOINT WARNING * * *
You barely miss the quokka.
The quokka is heavily wounded.
The quokka bites you.
* * * LOW HITPOINT WARNING * * *
The quokka bites you.
You die...

o......... .. #.
.........# #. ...
.........#
#.#######.##
.........##
........... .......r..
.......> Z........#
#.....
o........######.#.#+##
...........r@...<....#
...........##........#
.....................+
####.......##........#
..........##........#
##........###########
#........# #.########
#.


You could see a quokka.

Vanquished Creatures
  2 ogres (D:4)
  2 hounds
  7 orc wizards
  A centaur skeleton (D:4)
  2 orc priests
  Natasha (thrice) (D:4)
  A hound skeleton (D:4)
  4 adders
  3 adder skeletons (D:4)
  4 worms
  3 dart slugs
  5 leopard geckos
  17 orcs
  3 ball pythons
  5 giant cockroaches
  11 goblins
  3 hobgoblins
  11 jackals
  6 kobolds (D:2)
  A quokka (D:4)
  3 bats
  6 frilled lizards
  8 rats
111 creatures vanquished.

Notes
Turn   | Place    | Note
-------+----------+-------------------------------------------
     0 | D:1      | Esekla the Deep Elf Wizard began the quest for the Orb.
     0 | D:1      | Reached XP level 1. HP: 10/10 MP: 7/7
   243 | D:1      | Reached XP level 2. HP: 13/15 MP: 7/9
   265 | D:1      | Reached skill level 5 in Spellcasting
   657 | D:1      | Learned a level 2 spell: Blink
   868 | D:2      | Reached XP level 3. HP: 15/19 MP: 3/12
   910 | D:2      | Learned a level 3 spell: Mephitic Cloud
   926 | D:2      | Found a hide-covered altar of Uskayaw.
  1571 | D:2      | Reached XP level 4. HP: 24/24 MP: 7/13
  1597 | D:2      | Reached skill level 6 in Spellcasting
  1893 | D:2      | Reached XP level 5. HP: 21/28 MP: 5/15
  1984 | D:2      | You fall into a shaft and drop 1 floor!
  2023 | D:3      | Learned a level 3 spell: Conjure Flame
  2732 | D:3      | Found a radiant altar of Vehumet.
  2736 | D:3      | Became a worshipper of Vehumet
  2807 | D:3      | Reached XP level 6. HP: 21/32 MP: 1/17
  2860 | D:3      | Noticed Grinder
  3055 | D:3      | Reached skill level 7 in Spellcasting
  3345 | D:4      | Found a blossoming altar of Fedhas.
  3624 | D:4      | Noticed Natasha
  3679 | D:4      | Killed Natasha
  3679 | D:4      | Reached skill level 1 in Air Magic
  3690 | D:4      | Noticed Natasha
  3702 | D:4      | Killed Natasha
  3702 | D:4      | Reached skill level 1 in Poison Magic
  3775 | D:4      | Noticed Natasha
  3816 | D:4      | Killed Natasha
  3830 | D:4      | Reached * piety under Vehumet
  3830 | D:4      | Offered knowledge of Freeze by Vehumet.
  3883 | D:4      | Reached XP level 7. HP: 20/36 MP: 0/20
  4338 | D:4      | Found a sparkling altar of Nemelex Xobeh.
  4377 | D:4      | HP: 1/36 [orc/+0 hand axe (8)]
  4623 | D:4      | Found an opulent altar of Gozag.
  4732 | D:4      | Found a stormy altar of Qazlal.
  4784 | D:5      | Entered Level 5 of the Dungeon
  4833 | D:5      | Slain by a quokka

Levels and vault maps discovered:
D:1:      tarquinn_simple_flora_water_a, layout_loops_ring
D:2:      layout_basic, eat_drink_and_be_merry_uskayaw, first_ration,
          serial_bayou, serial_bayou_crossing, serial_bayou_ford_a,
          serial_bayou_shore_b, serial_bayou_pond_a
D:3:      layout_loops_ring, lemuel_blue_sif_altar, overflow_temple_1_default,
          uniq_grinder, uniq_sigmund
D:4:      layout_basic, grunt_temple_overflow_opulence, grunt_qazlal_clouds,
          hangedman_abyss_or_decor_stagger, chequers_serial_rivers_micro_e,
          fedhas_altar_3, uniq_natasha
D:5:      layout_basic, lemuel_coloured_pillars_altar,
          nicolae_gozag_zags_fifth_avenue

Skill      XL: |  1  2  3  4  5  6 |
---------------+-------------------+-----
Spellcasting   | 5 6 7 |  7.9
Stealth        | 3 |  3.9
Translocations | 2 3 |  3.9
Dodging        | 3 |  3.8
Conjurations   | 2 3 |  3.3
Air Magic      | 1 |  1.9
Poison Magic   | 1 |  1.7
Short Blades   | |  0.9
Long Blades    | |  0.1
Summonings     | |  1.1

Action                   |  1- 3 |  4- 6 |  7- 9 || total
-------------------------+-------+-------+-------++-------
Melee: Dagger            |    36 |    88 |    10 ||   134
       Falchion          |       |     8 |    50 ||    58
Throw: Boomerang         |       |       |     1 ||     1
 Cast: Magic Dart        |    75 |   136 |    41 ||   252
       Mephitic Cloud    |     1 |    11 |     6 ||    18
       Conjure Flame     |       |     1 |       ||     1
       Blink             |       |     3 |     1 ||     4
 Stab: Sleeping          |     2 |     4 |     1 ||     7
       Confused          |     1 |     6 |     1 ||     8
  Eat: Chunk             |     1 |     8 |     1 ||    10
Armor: Robe              |     5 |    25 |     7 ||    37
Dodge: Dodged            |    38 |    68 |    47 ||   153
       Rpst.: Falchion   |       |       |    14 ||    14

Table legend:
 A = Non-vault XP
 B = Vault XP
 C = Vault XP percentage of total XP
 D = Non-vault monster count
 E = Vault monster count
 F = Vault count percentage of total count
                 A         B        C        D         E       F
            +---------+---------+-------+---------+---------+-------
      Total |    1059 |      35 |   3.2 |     110 |       1 |   0.9
            +---------+---------+-------+---------+---------+-------
        D:1 |      26 |       0 |   0.0 |      12 |       0 |   0.0
        D:2 |     195 |       0 |   0.0 |      41 |       0 |   0.0
        D:3 |     211 |       0 |   0.0 |      22 |       0 |   0.0
        D:4 |     624 |      35 |   5.3 |      34 |       1 |   2.9
        D:5 |       3 |       0 |   0.0 |       1 |       0 |   0.0
            +---------+---------+-------+---------+---------+-------
